[Event "*** Titled Tuesday Blitz"]
[Site "Chess.com"]
[Date "2020.12.29"]
[Round "1"]
[White "albi1999"]
[Black "BelaKis"]
[Result "1-0"]
[WhiteElo "2512"]
[BlackElo "2137"]
[TimeControl "180+1"]
[EndTime "10:07:29 PST"]
[Termination "albi1999 won on time"]

1. d4 Nf6 2. Bg5 Ne4 3. Bf4 g6 4. Nd2 Nf6 5. h3 Bg7 6. e4 d6 7.
Ngf3 O-O 8. c3 Nc6 9. Bc4 Nh5 10. Be3 e5 11. O-O h6 12. Re1 Qf6 13. Bf1 Nf4 14.
Kh2 g5 15. g3 Ng6 16. d5 Nce7 17. Ng1 Kh7 18. Be2 Rh8 19. Nf1 Ng8 20. Bg4 Qd8 21. Bf5 Bf6 22. c4 Be7 23. Bd2 Kg7 24. Ne3 h5 25.
Bxc8 Rxc8 26. Nf5+ Kf8 27. Qc1 f6 28. h4 gxh4 29. gxh4 Kf7 30. Nh3 Bf8 31. f4 N8e7 32.
fxe5 dxe5 33. Qc2 Nxf5 34. exf5 Nxh4 35. Qe4 c6 36. Qxh4 cxd5 37. Qg3 Rg8 38. Qf3 Rxc4 39. Qxh5+ Ke7 40. Rac1 Qc7 41. Bb4+ Kd8 42. Bxf8 Rxf8 43. Qh6 Rg8 44. Qxf6+ Kc8 45. Qe6+ Kb8 46. Qxg8+ 1-0

[Event "*** Titled Tuesday Blitz"]
[Site "Chess.com"]
[Date "2020.12.29"]
[Round "1"]
[White "Forantes"]
[Black "Frolyanov_D"]
[Result "0-1"]
[WhiteElo "2366"]
[BlackElo "2704"]
[TimeControl "180+1"]
[EndTime "10:07:30 PST"]
[Termination "Frolyanov_D won by checkmate"]

1. Nf3 d5 2. g3 c6 3. Bg2 Bg4 4. d4 Nf6 5. O-O Nbd7 6. c4 e6 7.
Nc3 Bd6 8. Qb3 Rb8 9. c5 Bc7 10. Bf4 O-O 11. Rfe1 b6 12. Bxc7 Qxc7 13. cxb6 Rxb6 14.
Qa3 Rfb8 15. b3 c5 16. dxc5 Nxc5 17. Rac1 Ra6 18. Na4 Nfe4 19. Rxc5 Nxc5 20. Rc1 Rxa4 21. bxa4 Bxf3 22. Bxf3 Rc8 23. e4 d4 24. Rc4 d3 25.
e5 Qxe5 26. Qxd3 Qe1+ 27. Kg2 Qxf2+ 28. Kh3 h5 29. Qc3 Qf1+ 30. Kh4 Qg1 31. Bxh5 Qxh2+ 32. Kg4 f5+ 33. Kf4 Qxh5 34. Rxc5 Qg4+ 35. Ke5 Qe4+ 36. Kd6 Rd8+ 37. Ke7 Qa8 38. Rc7 Re8+ 39.
Kd6 Qd8+ 40. Kc6 Qd5# 0-1

[Event "*** Titled Tuesday Blitz"]
[Site "Chess.com"]
[Date "2020.12.29"]
[Round "1"]
[White "Sergienko_Sergey"]
[Black "JustKid"]
[Result "0-1"]
[WhiteElo "2313"]
[BlackElo "2608"]
[TimeControl "180+1"]
[EndTime "10:07:30 PST"]
[Termination "JustKid won by resignation"]

1. e4 d5 2. Nc3 dxe4 3. Nxe4 Bf5 4. Ng3 Bg6 5. h4 h6 6. d4 e6 7. N1e2 Nf6 8. Nf4 Bh7 9. Bc4 c6 10. c3 Nbd7 11. O-O Bd6 12. Re1 Bxf4 13. Bxf4 O-O 14. h5 Re8 15. Qf3 Qa5 16. b4 Qd8 17. Rad1 Nb6 18.
Bb3 a6 19. Be5 Nbd5 20. a3 Nd7 21. c4 N5f6 22. Bd6 Nb6 23. c5 Nbd5 24. Bc4 b5 25. Bd3 Bxd3 26. Rxd3 a5 27. Rb3 axb4 28. axb4 Ra4 29. Reb1 Qd7 30. Ne4 Nxe4 31. Qxe4 Rea8 32. g4 Qd8 33. Bg3 Qg5 34. Qe5 Qxg4 35. Kg2 Ra2 36. Rf3 R8a3 37. Rxa3 Rxa3 38. Re1 Qf3+ 39. Kh2 Ra2 40.
Kg1 Nxb4 41. Qb8+ Kh7 42. Qe5 Nd5 43. Qd6 Nf6 44. Qe5 Nxh5 45. Qe4+ Qxe4 46. Rxe4 Nxg3 0-1

[Event "*** Titled Tuesday Blitz"]
[Site "Chess.com"]
[Date "2020.12.29"]
[Round "1"]
[White "SARGISMV"]
[Black "JRenatoMaranhao"]
[Result "1-0"]
[WhiteElo "2480"]
[BlackElo "1896"]
[TimeControl "180+1"]
[EndTime "10:07:30 PST"]
[Termination "SARGISMV won on time"]

1. c4 c6 2. Nf3 d5 3. e3 g6 4.
d4 Bg7 5. Nc3 Nf6 6. Be2 O-O 7.
O-O Nbd7 8. cxd5 cxd5 9. Qb3 Nb6 10. a4 a5 11. Bd2 Bg4 12. Rfc1 e6 13. h3 Bxf3 14. Bxf3 Nc4 15. Be1 Qb6 16. Qxb6 Nxb6 17. Nb5 Rfc8 18. Rxc8+ Nxc8 19. Rc1 Nb6 20. Rc7 Nxa4 21.
b3 Nb6 22. Rxb7 Nfd7 23. Nc7 Rc8 24. Bxa5 Bf8 25. Nxe6 Bd6 26. g3 fxe6 27. Bxb6 Rc1+ 28. Kg2 Nf6 29. Bd8 Ne4 30. Rb6 Bf8 31. Bxe4 dxe4 32.
Rxe6 Rb1 33. Rxe4 Rxb3 34. Bg5 Kf7 35. Re5 Rb2 36. Ra5 Rd2 37. Ra7+ Kg8 38. Kf3 Rd3 39.
Ke4 Rd2 40. f4 Rh2 41. h4 Re2 42. Bf6 Rg2 43. Kf3 Rg1 44. d5 Rd1 45. Bd4 1-0

[Event "*** Titled Tuesday Blitz"]
[Site "Chess.com"]
[Date "2020.12.29"]
[Round "1"]
[White "ulkaf961"]
[Black "Agibileg"]
[Result "0-1"]
[WhiteElo "2228"]
[BlackElo "2544"]
[TimeControl "180+1"]
[EndTime "10:07:32 PST"]
[Termination "Agibileg won on time"]

1. d4 Nf6 2. c4 g6 3. Nc3 Bg7 4.
e4 d6 5. f4 O-O 6. Nf3 c5 7. d5 e6 8. Be2 exd5 9. cxd5 Bg4 10. O-O a6 11. h3 Bxf3 12. Bxf3 Nbd7 13. g4 b5 14. Ne2 Qe7 15. Qc2 Nb6 16. g5 Nfd7 17.
h4 c4 18. Ng3 b4 19. Rb1 Nc5 20. Qg2 Nd3 21. h5 Na4 22. hxg6 fxg6 23. Bg4 Nac5 24. Be3 Rae8 25. Rbe1 Nxe1 26. Rxe1 Nxe4 27. Be6+ Kh8 28. Nxe4 c3 29. bxc3 bxc3 30. Re2 Rb8 31. Qh3 Rb1+ 32. Kg2 Rb2 33. Qf3 Rfb8 34. Nf6 Rxe2+ 35. Kf1 Rc2 36. Qd1 Rcb2 0-1

[Event "*** Titled Tuesday Blitz"]
[Site "Chess.com"]
[Date "2020.12.29"]
[Round "1"]
[White "Lion-Al-Messi"]
[Black "MarcLonoff"]
[Result "1-0"]
[WhiteElo "2523"]
[BlackElo "2172"]
[TimeControl "180+1"]
[EndTime "10:07:32 PST"]
[Termination "Lion-Al-Messi won on time"]

1. e4 e6 2. d4 d5 3. exd5 exd5 4. Bd3 c5 5. Nf3 c4 6. Be2 Nc6 7. b3 cxb3 8. axb3 Nf6 9. O-O Bd6 10. c4 O-O 11. Nc3 Bg4 12. cxd5 Nb4 13. Bg5 h6 14. Bxf6 Qxf6 15. Ne4 Qg6 16. Nxd6 Qxd6 17. h3 Bxf3 18.
Bxf3 Nxd5 19. Ra5 Nc3 20. Qd3 Rac8 21. Rxa7 Rc7 22. Rxb7 Rxb7 23. Bxb7 Qxd4 24. Qxd4 Ne2+ 25. Kh2 Nxd4 26. Bd5 Rb8 27. Rd1 Rb4 28. Rd3 Kf8 29.
Bc4 Nc6 30. Re3 Na5 31. Bd5 Rb5 32. Rd3 f6 33. g4 Ke7 34. Kg3 Rb6 35. Re3+ Kd7 36.
Bg8 1-0

[Event "*** Titled Tuesday Blitz"]
[Site "Chess.com"]
[Date "2020.12.29"]
[Round "1"]
[White "kai_nov"]
[Black "ElGasanov"]
[Result "0-1"]
[WhiteElo "2404"]
[BlackElo "2762"]
[TimeControl "180+1"]
[EndTime "10:07:34 PST"]
[Termination "ElGasanov won on time"]

1. d4 Nf6 2. c4 e6 3. Nc3 Bb4 4. f3 d5 5. a3 Bd6 6. e4 c5 7.
dxc5 Bxc5 8. cxd5 exd5 9. Bg5 Bxg1 10. Rxg1 Qb6 11. Bxf6 Qxg1 12. Bxg7 Rg8 13. Bd4 Qxh2 14. Nxd5 Nc6 15. Nc7+ Qxc7 16. Bc5 Be6 17. Rc1 Rd8 18. Qa4 Qf4 19. Rc2 Rg5 20. Bf2 Rgd5 21. Be2 Kf8 22. g3 Qh6 23. exd5 Qh1+ 24. Bf1 Bxd5 25. Qf4 Bxf3 26.
Rd2 Re8+ 27. Be3 Ne5 28. Qf6 Ng6 29. Qd6+ Kg8 30. Qd4 Qg1 31. Rf2 Qxg3 32. Kd2 Re6 33. Bd3 Rd6 34. Qxa7 Be4 35. Qb8+ Kg7 36. Qxd6 Qxd6 37.
Ke1 Qxd3 0-1

[Event "*** Titled Tuesday Blitz"]
[Site "Chess.com"]
[Date "2020.12.29"]
[Round "1"]
[White "VladimirBugayev"]
[Black "Isajevsky_Anton"]
[Result "0-1"]
[WhiteElo "2291"]
[BlackElo "2589"]
[TimeControl "180+1"]
[EndTime "10:07:34 PST"]
[Termination "Isajevsky_Anton won on time"]

1. e4 c5 2. Nc3 d6 3. f4 Nf6 4.
Nf3 e6 5. Bc4 d5 6. Bb5+ Bd7 7.
Bxd7+ Qxd7 8. e5 Ng8 9. b3 Nc6 10. Bb2 h5 11. d3 Nh6 12. Qe2 Nf5 13. O-O-O O-O-O 14. g3 Be7 15. Rhe1 Kb8 16. Qf2 Rc8 17. Kb1 Qc7 18. Na4 b6 19. Nc3 Qb7 20. Nb5 a6 21.
Nd6 Bxd6 22. exd6 d4 23. Ne5 Nxd6 24. Bc1 Nb4 25. Nc4 Nf5 26. h3 Nd5 27. g4 Nc3+ 28. Kb2 Nxd1+ 29. Rxd1 hxg4 30. hxg4 b5 31. gxf5 bxc4 32.
dxc4 exf5 33. Rg1 g6 34. Bd2 Rce8 35. Ba5 Re4 36. Re1 Rxe1 37. Qxe1 Qe4 38. Qg3 Kb7 39. a4 Re8 40. Qg5 Qe6 41. Qg2+ Qc6 42. Qg5 Qd7 43. Qg2+ Ka7 44. Qg5 d3 45. Qf6 Re6 46. Qh8 d2 0-1

[Event "*** Titled Tuesday Blitz"]
[Site "Chess.com"]
[Date "2020.12.29"]
[Round "1"]
[White "Piacramling"]
[Black "Pelopidass"]
[Result "0-1"]
[WhiteElo "2222"]
[BlackElo "2547"]
[TimeControl "180+1"]
[EndTime "10:07:34 PST"]
[Termination "Pelopidass won on time"]

1. Nf3 Nf6 2. c4 g6 3. Nc3 Bg7 4. e4 d6 5. d4 O-O 6. h3 Nc6 7. d5 Nb4 8. a3 Na6 9. Be3 e6 10. Bd3 Nd7 11. Rc1 Nac5 12. Bb1 a5 13. b4 axb4 14. axb4 Na6 15. Qb3 c5 16. dxc6 bxc6 17. O-O Rb8 18. b5 Nac5 19. Qc2 Qc7 20. Rfd1 Ne5 21.
Nxe5 Bxe5 22. bxc6 Qxc6 23. Nb5 Rd8 24. f4 Bf6 25. Nxd6 Rxd6 26. Rxd6 Qxd6 27. e5 Qc6 28. exf6 Bb7 29. Rd1 Ne4 30. Qxe4 Qxe4 31. Bxe4 Bxe4 32. Bb6 h5 33. c5 Rc8 34. Rd2 Kf8 35. Kf2 Ke8 36.
g4 hxg4 37. hxg4 Bd5 38. Kg3 Kd7 39. Rh2 e5 40. fxe5 Ke6 41. Kf4 Ra8 42. Rh7 Ra4+ 43. Ke3 Kxe5 0-1

[Event "*** Titled Tuesday Blitz"]
[Site "Chess.com"]
[Date "2020.12.29"]
[Round "1"]
[White "DarZay"]
[Black "r31415"]
[Result "0-1"]
[WhiteElo "2118"]
[BlackElo "2509"]
[TimeControl "180+1"]
[EndTime "10:07:34 PST"]
[Termination "r31415 won on time"]

1. e4 e5 2. Nf3 Nc6 3. d4 exd4 4. Nxd4 Qf6 5. Nxc6 bxc6 6. Nc3 Bc5 7. Qe2 Ne7 8. Be3 Ba3 9. Bc1 Bb4 10. Bd2 O-O 11. O-O-O d5 12. e5 Qg6 13. f4 Bg4 14. Qd3 Bxd1 15. Nxd1 Qxd3 16. Bxd3 Bxd2+ 17. Kxd2 f6 18. e6 g6 19. g4 f5 20. g5 c5 21. c4 Rfd8 22. Ne3 d4 23. Nc2 Rd6 24. Re1 Rb8 25.
b3 Rbb6 26. Re5 Rbc6 27. b4 Rxe6 28. Rxe6 Rxe6 29. bxc5 Nc6 30. Be2 Re8 31. Bf3 Na5 32.
Nxd4 Nxc4+ 33. Kc3 Ne3 34. Nb5 Nf1 35. Bd5+ Kf8 36. Nxc7 Rc8 37. Ne6+ Ke7 38. Kd4 Nxh2 39. c6 Nf3+ 40. Kc5 Nd2 41. c7 Ne4+ 42. Kc6 Nd6 0-1

[Event "*** Titled Tuesday Blitz"]
[Site "Chess.com"]
[Date "2020.12.29"]
[Round "1"]
[White "Ladislav1969"]
[Black "Dynamikus"]
[Result "0-1"]
[WhiteElo "2402"]
[BlackElo "2756"]
[TimeControl "180+1"]
[EndTime "10:07:35 PST"]
[Termination "Dynamikus won by resignation"]

1. e4 c5 2. d4 cxd4 3. c3 Nf6 4.
e5 Nd5 5. Nf3 Nc6 6. Bc4 Nb6 7.
Bb3 d5 8. exd6 Qxd6 9. O-O Be6 10. Bxe6 Qxe6 11. Nxd4 Nxd4 12. Qxd4 Rd8 13. Qh4 h5 14. h3 Qc4 15. Qxc4 Nxc4 16. b3 Ne5 17. c4 g6 18.
Bb2 Bg7 19. Kh1 O-O 20. f4 Nd3 21. Bxg7 Kxg7 22. Nc3 e6 23. Rad1 Rd4 24. Kg1 Rfd8 25. Nb5 R4d7 26. Nxa7 Ra8 27. Nb5 Rxa2 28. Rf3 Nc5 29.
Rxd7 Nxd7 30. Nd6 b6 31. b4 Rb2 32. b5 Rc2 33. Ra3 Rd2 34. Nc8 Rd4 35. Ra7 Kf8 36.
Ra8 Kg7 37. Ra7 h4 38. Rc7 Kf8 39. c5 Nxc5 40. Nxb6 Ne4 41. Nd7+ Ke8 42. Nf6+ Nxf6 43. b6 Rb4 44. b7 Nd7 45. Rc8+ Ke7 46. Rc7 Kd6 0-1

[Event "*** Titled Tuesday Blitz"]
[Site "Chess.com"]
[Date "2020.12.29"]
[Round "1"]
[White "Leonid_Starozhilov"]
[Black "Jenia84"]
[Result "1-0"]
[WhiteElo "2631"]
[BlackElo "2322"]
[TimeControl "180+1"]
[EndTime "10:07:35 PST"]
[Termination "Leonid_Starozhilov won by checkmate"]

1. c4 Nf6 2. Nc3 e5 3. e4 Bb4 4. Nge2 O-O 5. g3 c6 6. Bg2 d5 7. cxd5 cxd5 8. exd5 Nbd7 9. O-O Nb6 10. d4 exd4 11.
Qxd4 Bd6 12. Bg5 Bf5 13. Bxf6 Qxf6 14. Qxf6 gxf6 15. Nd4 Bd7 16. Rad1 Rfd8 17. Ne4 Be5 18. f4 Bxd4+ 19. Rxd4 Bb5 20. Rfd1 Kg7 21. Nc3 Bd7 22.
d6 Rab8 23. Re1 Be6 24. Red1 Rd7 25. Ne4 Bxa2 26. Nc5 Rdd8 27. Nxb7 Rd7 28. Nc5 Rdd8 29. d7 Be6 30. b3 Kf8 31. Be4 f5 32. Bc6 Ke7 33. Re1 Kf6 34. Nxe6 fxe6 35. Rd6 Kf7 36. Rexe6 Nxd7 37. Rh6 Kg7 38. Rhe6 Nf8 39. Re7+ Kh8 40. Rxd8 Rxd8 41. Rxa7 Rd1+ 42. Kg2 Rd2+ 43. Kh3 Rb2 44. Rb7 Ne6 45. Bd5 Nd4 46. Rf7 Ne2 47. Rxf5 Ng1+ 48.
Kg4 Rxh2 49. Rg5 Ne2 50. Rg8# 1-0

[Event "*** Titled Tuesday Blitz"]
[Site "Chess.com"]
[Date "2020.12.29"]
[Round "1"]
[White "HackingKid98"]
[Black "jacky72"]
[Result "0-1"]
[WhiteElo "2418"]
[BlackElo "2807"]
[TimeControl "180+1"]
[EndTime "10:07:36 PST"]
[Termination "jacky72 won by checkmate"]

1. d4 Nf6 2. c4 g6 3. g3 Bg7 4. Bg2 O-O 5. Nf3 d6 6. O-O Nc6 7. Nc3 Bf5 8. Ne1 e5 9. d5 Ne7 10. e4 Bd7 11. Nd3 Ne8 12. Be3 f5 13. Qd2 Nf6 14. f4 fxe4 15. Nxe4 Nxe4 16. Bxe4 Nf5 17.
Rae1 Nxe3 18. Rxe3 Qf6 19. Bg2 exf4 20. Rxf4 Qg5 21. Rxf8+ Rxf8 22. Nf4 Be5 23. Ne6 Bxe6 24. dxe6 c6 25. Kh1 Qf6 26. c5 Qxe6 27. cxd6 Qxd6 28. Qe2 Bxb2 29. Re7 Rf7 30. Re8+ Rf8 31. Re7 Bg7 32. Rxb7 a5 33. Rb6 Qd4 34. Rb1 c5 35. Qc2 Kh8 36. Qb3 c4 37. Qd1 Qe5 38. Qc2 c3 39.
Rd1 Qe3 40. Rf1 Rd8 41. Rc1 Rd2 42. Qb3 h6 43. Qb8+ Kh7 44. Qb3 Rxg2 45. Rg1 Qxg1# 0-1

[Event "*** Titled Tuesday Blitz"]
[Site "Chess.com"]
[Date "2020.12.29"]
[Round "1"]
[White "TomasKapitanchuk"]
[Black "vugarrasulov"]
[Result "1-0"]
[WhiteElo "2441"]
[BlackElo "2778"]
[TimeControl "180+1"]
[EndTime "10:07:36 PST"]
[Termination "TomasKapitanchuk won on time"]

1. e4 e5 2. Nf3 Nc6 3. Bc4 Bc5 4. c3 Nf6 5. d3 d6 6. a4 a6 7. h3 Ba7 8. Nbd2 h6 9. Nf1 d5 10. exd5 Nxd5 11. Ng3 O-O 12. O-O Re8 13. Re1 Nf6 14.
Qb3 Qd7 15. a5 Rb8 16. Nh4 b5 17. axb6 Bxb6 18. Qc2 Qd8 19. Be3 Bxe3 20. Rxe3 Ng4 21. Rf3 Nf6 22. Nh5 Nd5 23. Bxd5 Qxd5 24. Rg3 Kh8 25.
Nxg7 Rg8 26. Qd2 Kh7 27. Ngf5 Bxf5 28. Nxf5 Qe6 29. Rxa6 Qxf5 30. Rxc6 Qf4 31. Qxf4 exf4 32. Rxg8 Kxg8 33. b4 Rb7 34. Rxh6 Ra7 35. Rc6 Kf8 36. h4 Ke7 37. h5 Kd7 38. Rf6 Ke7 39. Rxf4 Ra3 40.
Rc4 Kd7 41. h6 Ra6 42. Rh4 Ra8 43. h7 Rh8 44. f3 Ke6 45. Kf2 f6 46. Ke3 Kf5 47. Kd4 Kg5 48. g3 f5 49. f4+ Kg6 50. Kc5 Kg7 51. d4 Re8 52. h8=Q+ Rxh8 53. Rxh8 1-0

[Event "*** Titled Tuesday Blitz"]
[Site "Chess.com"]
[Date "2020.12.29"]
[Round "1"]
[White "supertfc"]
[Black "frederiksvane"]
[Result "0-1"]
[WhiteElo "2396"]
[BlackElo "2741"]
[TimeControl "180+1"]
[EndTime "10:07:37 PST"]
[Termination "frederiksvane won on time"]

1. c4 Nf6 2. g3 g6 3. Bg2 Bg7 4. Nc3 O-O 5. Nf3 c5 6. O-O Nc6 7. a3 d5 8. cxd5 Nxd5 9. Qa4 Nb6 10. Qh4 c4 11. Rd1 Bf5 12. d3 cxd3 13. e4 Bc8 14. Bh6 e5 15. Bxg7 Kxg7 16. Qxd8 Rxd8 17. Ne1 d2 18. Nf3 Bg4 19. Rxd2 Bxf3 20. Rxd8 Rxd8 21. Bxf3 Rd2 22. Rb1 Nc4 23. Be2 Nxb2 24. Kf1 Nd4 25. Ke1 Rc2 26. Bd1 Rxc3 27. Rxb2 b6 28. a4 Ra3 29.
Rb4 f5 30. Rc4 Ne6 31. Rc6 Kf6 32. Rd6 Ke7 33. Rd5 Kf6 34. Rd7 Nc5 35. Rxa7 Nxe4 36. Rxh7 Nc3 37. Rd7 Ke6 38. Rd3 Nb1 0-1

[Event "*** Titled Tuesday Blitz"]
[Site "Chess.com"]
[Date "2020.12.29"]
[Round "1"]
[White "Vaathi_Coming"]
[Black "Kislov_Oleg"]
[Result "1-0"]
[WhiteElo "2825"]
[BlackElo "2425"]
[TimeControl "180+1"]
[EndTime "10:07:38 PST"]
[Termination "Vaathi_Coming won by resignation"]

1. Nf3 d5 2. g3 Nf6 3. b3 c6 4. Bb2 Bg4 5. Bg2 Nbd7 6. O-O e6 7. c4 Bd6 8. d4 Ne4 9. Ne5 Bf5 10. Nxd7 Qxd7 11. f3 Nf6 12. Nc3 Bg6 13. e4 dxe4 14. fxe4 e5 15. d5 Ng4 16. Qe2 Bc5+ 17. Kh1 Ne3 18. Na4 Bd4 19. Bxd4 exd4 20. e5 O-O 21. d6 b6 22. Rf4 Nxg2 23. Qxg2 c5 24. Re1 Rae8 25.
Qd5 Re6 26. Nb2 Rfe8 27. b4 Rxd6 28. exd6 Rxe1+ 29. Kg2 Re2+ 30. Kf1 Re8 31. Kg2 h6 32. bxc5 Re1 33. Nd1 Rxd1 34. c6 Rd2+ 35. Rf2 Rxf2+ 36. Kxf2 Qh3 37. d7 Qxh2+ 38. Qg2 Qxg2+ 39. Kxg2 d3 40. d8=Q+ Kh7 41. c7 1-0

[Event "*** Titled Tuesday Blitz"]
[Site "Chess.com"]
[Date "2020.12.29"]
[Round "1"]
[White "tlomigtlis"]
[Black "Denis_Palkovich"]
[Result "1-0"]
[WhiteElo "2555"]
[BlackElo "2243"]
[TimeControl "180+1"]
[EndTime "10:07:38 PST"]
[Termination "tlomigtlis won on time"]

1. d4 d5 2. c4 Bf5 3. cxd5 Bxb1 4. Rxb1 Qxd5 5. b3 Nc6 6. e3 O-O-O 7. Nf3 e5 8. Bc4 Qe4 9. Bd3 Bb4+ 10. Kf1 Qg4 11. h3 Qd7 12. Qc2 Nge7 13. Bb2 exd4 14. Nxd4 Kb8 15. Be4 Nxd4 16. Bxd4 f5 17. Bf3 Rhg8 18.
g3 g5 19. Kg1 f4 20. Qe4 Nc6 21. Rc1 fxg3 22. fxg3 Rge8 23. Qd3 Nxd4 24. exd4 Qxd4+ 25. Qxd4 Rxd4 26. Rh2 Bd2 27. Rd1 Be3+ 28. Kf1 Rxd1+ 29.
Bxd1 Rd8 30. Bh5 Bc5 31. Re2 Bd6 32. Kg2 a5 33. Bg4 Rf8 34. Re6 b6 35. Rh6 Rf7 36. Bf3 Ka7 37. Be4 b5 38. Bxh7 a4 39. Bd3 axb3 40.
axb3 b4 41. Re6 Rd7 42. Bb5 Rd8 43. Bc4 Kb6 44. Rg6 1-0

[Event "*** Titled Tuesday Blitz"]
[Site "Chess.com"]
[Date "2020.12.29"]
[Round "1"]
[White "Flopezin"]
[Black "anon102030"]
[Result "0-1"]
[WhiteElo "2373"]
[BlackElo "2703"]
[TimeControl "180+1"]
[EndTime "10:07:39 PST"]
[Termination "anon102030 won by resignation"]

1. c4 e5 2. Nc3 Nc6 3. Nf3 g6 4. d4 exd4 5. Nxd4 Bg7 6. e3 Nge7 7.
g3 Nxd4 8. exd4 d5 9. c5 Nf5 10. Be3 c6 11. Qd2 Qe7 12. O-O-O Nxe3 13. Qxe3 Qxe3+ 14. fxe3 Bh6 15. Kc2 O-O 16. e4 dxe4 17. Nxe4 Bg7 18.
Nd6 Bg4 19. Rd2 Rfd8 20. Bg2 Rd7 21. h3 Be6 22. a3 Rad8 23. b4 Bf8 24. d5 cxd5 25.
Bxd5 Bxd5 26. Rxd5 Bxd6 27. Rhd1 f5 28. cxd6 Kf7 29.
R5d4 Rc8+ 30. Kb3 Ke6 31. Re1+ Kf6 32. h4 h6 33. a4 Rc6 34. Red1 Ke5 35. Rd5+ Ke6 36.
R5d2 Rcxd6 37. Re1+ Kf6 38. Rde2 g5 39. Kc4 Rd4+ 40.
Kc3 Rd3+ 41. Kc4 Rxg3 42. Re6+ Kf7 43. Rxh6 Rg4+ 44. Kc5 Rxh4 45. Rxh4 gxh4 46. Rh1 Kf6 47. Rxh4 Kg5 48. Rh1 f4 49. Rg1+ Kf5 50. Rf1 Kg4 51. Rg1+ Kf3 52. Rf1+ Ke3 53. Re1+ Kf2 54. Re8 f3 55. b5 Kg2 56. Rg8+ Kf1 57. a5 f2 58. a6 bxa6 59. bxa6 Re7 60. Kc6 Ke1 61. Rf8 f1=Q 62. Rxf1+ Kxf1 63. Kd6 Rh7 0-1

[Event "*** Titled Tuesday Blitz"]
[Site "Chess.com"]
[Date "2020.12.29"]
[Round "1"]
[White "sokidze"]
[Black "Kazmin_Dmitrij"]
[Result "1-0"]
[WhiteElo "2558"]
[BlackElo "2253"]
[TimeControl "180+1"]
[EndTime "10:07:39 PST"]
[Termination "sokidze won on time"]

1. e4 e5 2. Nf3 d6 3. d4 exd4 4. Nxd4 Nf6 5. Nc3 Be7 6. Bc4 O-O 7. O-O c6 8. a4 Re8 9. Re1 h6 10. Ba2 Bf8 11. Bf4 Nbd7 12. h3 Ne5 13. a5 a6 14. Bh2 Ng6 15. Qd2 Bd7 16. Bb3 Rc8 17. f3 c5 18. Nde2 c4 19. Ba4 Bxa4 20. Rxa4 d5 21.
exd5 Bc5+ 22. Kh1 Be3 23. Qd1 Rc5 24. d6 Nh5 25. Ra1 Rg5 26. Ne4 Rb5 27. N2c3 Bf4 28.
Nxb5 axb5 29. d7 Re7 30. Qd5 Rxd7 31. Qxh5 Bxh2 32. Kxh2 Rd5 33. Qg4 Kh7 34. Qg3 f5 35. Nc3 f4 36. Qf2 Rg5 37. Rad1 Qxa5 38. Ne4 Re5 39.
Nd6 Rg5 40. Re8 Qc7 41. Ne4 Re5 42. Rxe5 Qxe5 43. Qd4 Qh5 44. Qd5 Qh4 45. Qf5 Qe7 46.
Rd6 1-0

[Event "*** Titled Tuesday Blitz"]
[Site "Chess.com"]
[Date "2020.12.29"]
[Round "1"]
[White "HanSchut"]
[Black "PotapovaM"]
[Result "0-1"]
[WhiteElo "2229"]
[BlackElo "2544"]
[TimeControl "180+1"]
[EndTime "10:07:39 PST"]
[Termination "PotapovaM won on time"]

1. e4 c5 2. Nf3 d6 3. d4 cxd4 4.
Nxd4 Nf6 5. f3 Nc6 6. c4 e6 7.
Be3 Be7 8. Nc3 O-O 9. Qd2 d5 10.
cxd5 exd5 11. exd5 Nxd5 12. Nxc6 bxc6 13. Nxd5 cxd5 14. Be2 Be6 15. O-O Bf6 16. Bd4 Bxd4+ 17. Qxd4 Qb6 18. Rfd1 Rfc8 19. Qxb6 axb6 20. Bd3 g6 21. Kf2 Rc5 22. Ke3 Kg7 23. Kd2 Kf6 24. b4 Rc7 25. a4 Rca7 26. Bb5 d4 27. Ra3 h5 28. Kd3 h4 29. h3 Ke5 30. Re1+ Kf4 31. Re2 Rd8 32. Rb2 Kg3 33. Kd2 Kxg2 34. Kd3+ Kxh3 35. Ke4 Re7 36. Kf4 d3 37. Bxd3 Rd4+ 38.
Ke3 Rxd3+ 39. Rxd3 Bf5+ 40. Kd2 Bxd3 41. Kxd3 Kg3 42. a5 bxa5 43. bxa5 h3 0-1

[Event "*** Titled Tuesday Blitz"]
[Site "Chess.com"]
[Date "2020.12.29"]
[Round "1"]
[White "amintabatabaei"]
[Black "frenchpin"]
[Result "1-0"]
[WhiteElo "2910"]
[BlackElo "2460"]
[TimeControl "180+1"]
[EndTime "10:07:40 PST"]
[Termination "amintabatabaei won by resignation"]

1. d4 e6 2. Nf3 Nf6 3. Bf4 d5 4. e3 c5 5. c3 Nc6 6. Nbd2 cxd4 7. exd4 Nh5 8. Be3 Bd6 9. Bd3 Nf4 10. Bxf4 Bxf4 11.
O-O O-O 12. Re1 Re8 13. Nf1 b6 14. a4 a5 15. g3 Bd6 16. h4 h6 17. h5 Ba6 18.
Bxa6 Rxa6 19. Qd3 Ra7 20. Ne3 Rae7 21. Re2 Qc7 22. Rae1 Nb8 23. Kg2 Nd7 24. Ng4 Qc4 25. Qxc4 dxc4 26. Nd2 Rc8 27. Ne3 Nf6 28. Nexc4 Bc7 29.
Rh1 Bd8 30. Na3 Kf8 31. Nb5 Rc6 32. Ne4 Nxe4 33. Rxe4 Rd7 34. f4 Rd5 35. g4 Rc4 36.
b3 Rxb5 37. bxc4 Rb2+ 38. Kf3 Ra2 39. d5 Rxa4 40. dxe6 fxe6 41. Rd1 Bf6 42. Rd6 Ra3 43. Re3 Rb3 44. Rdxe6 a4 45. Re8+ Kf7 46. Ra8 a3 47.
Ke4 Be7 48. Ra7 Kf8 49. Kf5 Bc5 50. Rd3 Ke8 51. Kg6 Rb2 52. Kxg7 a2 53. Kxh6 Rf2 54. f5 b5 55. Ra8+ Ke7 56. cxb5 Kf6 57. Ra6+ Ke5 58. Kg6 Rg2 59. g5 Be7 60. Re3+ Kf4 61. Rxe7 Rxg5+ 62. Kh6 Rxf5 63. Rxa2 Rxb5 64. Rf2+ Kg3 65. Ref7 1-0

[Event "*** Titled Tuesday Blitz"]
[Site "Chess.com"]
[Date "2020.12.29"]
[Round "1"]
[White "MillyNeuf"]
[Black "DryCounty"]
[Result "1/2-1/2"]
[WhiteElo "2332"]
[BlackElo "2625"]
[TimeControl "180+1"]
[EndTime "10:07:41 PST"]
[Termination "Game drawn by agreement"]

1. e4 c5 2. Nc3 Nc6 3. g3 g6 4. Bg2 Bg7 5. d3 d6 6. Be3 e5 7.
Qd2 Nge7 8. Nge2 Nd4 9. O-O-O Be6 10. a3 b5 11. Bh6 Bxh6 12. Qxh6 Qd7 13. Nxd4 cxd4 14.
Nd5 Bxd5 15. exd5 Nf5 16. Qd2 a5 17. Bh3 Qb7 18. Bxf5 gxf5 19. Qg5 Qxd5 20. Qxf5 Qe6 21. Qxe6+ fxe6 22. Rhf1 Kd7 23. f4 exf4 24. Rxf4 e5 25.
Rf7+ Kc6 26. Rdf1 h5 27. R1f6 h4 28. g4 h3 29. Rg6 Rhg8 30. Rff6 Rxg6 31. Rxg6 Rf8 32.
b3 Rf2 33. Rh6 Rxh2 34. Kb2 Kd5 35. g5 Rh1 36. g6 Rg1 37. Rxh3 Rxg6 38. Rh5 Kc6 39.
Rf5 a4 40. Rh5 axb3 41. Kxb3 Kc5 42. Rf5 Rg1 43. Kb2 Re1 44. Rf8 d5 45. Rc8+ Kd6 46. Rb8 Kc6 47. Rc8+ Kd7 48. Rb8 e4 49. Rxb5 Kc6 50.
Rb8 Rd1 51. dxe4 dxe4 52. Re8 e3 53. c3 Rd2+ 54. Kc1 dxc3 55. Rxe3 1/2-1/2

[Event "*** Titled Tuesday Blitz"]
[Site "Chess.com"]
[Date "2020.12.29"]
[Round "1"]
[White "Macron20hTF1"]
[Black "Alexander_Zubov"]
[Result "0-1"]
[WhiteElo "2467"]
[BlackElo "2936"]
[TimeControl "180+1"]
[EndTime "10:07:42 PST"]
[Termination "Alexander_Zubov won by resignation"]

1. f4 d5 2. Nf3 g6 3. g3 Bg7 4.
Bg2 Nf6 5. O-O O-O 6. d3 c5 7. c3 Nc6 8. Na3 b6 9. Qa4 Bd7 10. Qc2 d4 11. e4 dxe3 12. Bxe3 Rc8 13. Kh1 Be6 14. Nc4 Bd5 15. Rad1 Qc7 16. a4 Qb7 17. Bg1 Na5 18. Nxa5 bxa5 19. c4 Bxf3 20. Bxf3 Qb4 21. b3 Rb8 22. Rb1 Rfd8 23. Rfd1 Ne8 24. Be3 Nd6 25. Qf2 Rbc8 26. Bd2 Bc3 27. Be3 Nf5 28. Be4 Nxe3 29. Qxe3 e6 30. g4 Re8 31. g5 Bd4 32. Qf3 Qb6 33. Kg2 Qd6 34. h4 Rb8 35. h5 Rb6 36. Rh1 Reb8 37. hxg6 fxg6 38.
Rxh7 Kxh7 39. Qh5+ Kg8 40. Qxg6+ Kf8 41. Rh1 R6b7 42.
Qh6+ Bg7 43. Qg6 Rd8 44. Rh7 Rf7 45. Qh5 Qxf4 46. Rh8+ Bxh8 47. Qxh8+ Ke7 0-1

[Event "*** Titled Tuesday Blitz"]
[Site "Chess.com"]
[Date "2020.12.29"]
[Round "1"]
[White "amatatanav"]
[Black "TigrVShlyape"]
[Result "0-1"]
[WhiteElo "2442"]
[BlackElo "2861"]
[TimeControl "180+1"]
[EndTime "10:07:42 PST"]
[Termination "TigrVShlyape won on time"]

1. e4 e5 2. Bc4 Nf6 3. d3 c6 4. Nf3 d5 5. Bb3 Bd6 6. exd5 cxd5 7. Bg5 Be6 8. Nc3 Bc7 9. d4 e4 10. Nd2 Ba5 11. Bxf6 gxf6 12. Qh5 f5 13. g4 Bxc3 14. bxc3 Nd7 15. gxf5 Nf6 16. Qh3 Bd7 17. c4 dxc4 18. Nxc4 Bc6 19. O-O-O Bd5 20. Rhe1 Qe7 21. f3 Bxc4 22.
Bxc4 e3 23. f4 O-O-O 24. Qxe3 Qxe3+ 25. Rxe3 Rd7 26. c3 Kc7 27. Rde1 Kd6 28. Rg3 Rc8 29. Bb3 b5 30. Kb2 a5 31. a3 Rdc7 32. Ree3 Rf8 33. Re5 Rb8 34. h4 Rbb7 35. Rge3 h6 36. Re2 Re7 37. Rxe7 Rxe7 38. Re5 Rb7 39. Kc2 Nh5 0-1